Map: Ley Lines

Players

JimiBobRayJr

  • Race: Zerg Zerg
  • Spawn Location: 1:00

GangusKaun - Winner!

  • Race: Protoss Protoss
  • League: Gold
  • Spawn Location: 7:00

VOD

Have the link to the VOD?

Description

Time

  • Played on: Dec. 8, 2024, 10:36 p.m.
  • Length: 19:42
Show
View Real Time Build Order
Export as new Build Order

JimiBobRayJr Zerg 

Build Orders: Pool First 

Get SALT Encoding   

  12  0:01  Drone  
  13  0:37  Drone  
  13  0:38  Overlord x2  
  14  0:44  Spawning Pool  
  14  0:46  Extractor  
  12  1:08  Drone x2  
  14  1:15  Drone  
  15  1:23  Drone  
  16  1:38  Zergling x2  
  17  1:53  Metabolic Boost  
  17  1:56  Queen  
  17  1:59  Overlord  
  17  2:01  Zergling x2  
  20  2:09  Drone  
  21  2:17  Zergling x2  
  22  2:34  Lair  
  22  2:36  Overlord x2  
  22  2:50  Zergling x2  
  23  3:06  Hatchery  
  19  3:40  Hydralisk Den  
  18  3:55  Zergling x10  
  22  4:12  Drone  
  22  4:17  Drone x3  
  25  4:39  Drone x4  
  29  4:46  Spore Crawler  
  29  4:52  Drone x6  
  34  4:59  Spore Crawler  
  33  5:02  Drone x2  
  35  5:09  Spore Crawler  
  34  5:15  Drone x2  
  34  5:21  Spore Crawler, Extractor  
  35  5:27  Grooved Spines  
  34  5:39  Pneumatized Carapace  
  34  5:40  Drone  
  34  5:41  Drone x3  
  38  5:54  Spore Crawler  
  38  5:55  Drone x6  
  43  6:17  Muscular Augments  
  43  6:20  Infestation Pit, Drone x3  
  43  6:21  Queen, Drone x2  
  49  6:30  Hydralisk x3  
  55  6:36  Drone  
  56  6:44  Extractor  
  56  6:46  Extractor  
  54  7:10  Overlord x4  
  54  7:11  Overlord x3  
  53  7:32  Hydralisk x3  
  53  7:36  Hydralisk  
  61  7:42  Evolution Chamber  
  60  7:46  Evolution Chamber x2  
  60  7:47  Drone  
  60  7:48  Drone x4  
  60  8:09  Spine Crawler  
  60  8:10  Spine Crawler  
  60  8:12  Spine Crawler  
  57  8:20  Hydralisk x5  
  57  8:21  Hydralisk x4  
  57  8:26  Zerg Melee Weapons Level 1, Zerg Missile Weapons Level 1  
  75  8:30  Zerg Ground Armor Level 1  
  71  8:47  Hatchery  
  70  8:52  Zergling x6  
  70  8:53  Zergling x14  
  70  8:54  Zergling x2  
  75  9:25  Hydralisk x2  
  75  9:26  Hydralisk x5  
  89  9:34  Drone  
  89  9:35  Drone  
  91  9:53  Drone  
  91  9:54  Drone x2  
  91  9:59  Extractor, Drone x3  
  96  10:11  Zergling x6  
  99  10:26  Extractor  
  98  10:28  Zergling x2  
  98  10:29  Zergling x4  
  98  10:30  Zergling x2  
  98  10:32  Overseer  
  102  10:40  Spire  
  102  10:42  Spire  
  95  10:55  Drone x2  
  95  10:56  Drone x6  
  95  10:57  Drone x2  
  105  11:09  Spore Crawler  
  101  11:27  Spore Crawler  
  101  11:30  Spore Crawler  
  99  11:33  Spore Crawler  
  99  11:35  Spore Crawler  
  99  11:36  Drone x6  
  99  11:37  Drone x2  
  105  11:48  Spore Crawler  
  105  11:50  Spore Crawler x2  
  105  11:51  Spore Crawler  
  101  11:54  Spore Crawler  
  101  12:00  Hive  
  100  12:03  Zerg Ground Armor Level 2  
  100  12:04  Zerg Melee Weapons Level 2, Zerg Missile Weapons Level 2  
  100  12:08  Corruptor x2  
  102  12:10  Overlord x2  
  104  12:27  Overlord x2, Queen  
  104  12:28  Overlord x2  
  106  12:37  Zerg Flyer Armor Level 1, Zerg Flyer Weapons Level 1  
  106  12:46  Drone x3  
  106  12:47  Drone x3  
  112  12:59  Drone x5  
  112  13:00  Drone  
  118  13:13  Spore Crawler  
  118  13:17  Spore Crawler  
  118  13:18  Spore Crawler  
  115  13:21  Spore Crawler  
  115  13:22  Spore Crawler  
  115  13:24  Spore Crawler  
  115  13:25  Spore Crawler  
  115  13:26  Spore Crawler, Drone x3  
  113  13:39  Hatchery  
  112  13:50  Drone x5  
  112  13:51  Drone x2  
  117  14:25  Mutalisk x6  
  117  14:26  Mutalisk x4  
  94  14:41  Zergling x6  
  85  14:48  Zergling x4  
  87  14:58  Zergling x4  
  85  15:19  Zergling x6  
  85  15:20  Zergling x10  
  93  15:26  Spine Crawler  
  92  15:29  Spine Crawler  
  92  15:31  Spine Crawler x2  
  92  15:32  Zergling x2  
  92  15:33  Spine Crawler, Zergling x12  
  92  15:34  Spine Crawler  
  92  15:35  Spine Crawler  
  93  15:44  Drone x4  
  97  15:54  Adrenal Glands  
  97  15:58  Zerg Missile Weapons Level 3, Zerg Ground Armor Level 3  
  97  15:59  Zerg Melee Weapons Level 3  
  97  16:02  Zerg Flyer Weapons Level 2  
  97  16:08  Zerg Flyer Armor Level 2  
  97  16:13  Zergling x6  
  97  16:14  Zergling x2  
  78  16:57  Zergling x12  
  78  16:58  Zergling x12  
  78  16:59  Zergling x2  
  72  17:05  Unknown, Zergling x4  
  70  17:12  Zergling x2  
  70  17:13  Zergling x6  
  74  17:21  Zergling x4  
  74  17:22  Zergling x2  
  72  17:31  Zergling x2  
  72  17:32  Zergling x4  
  73  17:41  Zergling x2  
  73  17:42  Zergling x4  
  62  18:24  Zergling x6  
  62  18:25  Zergling x6  
  65  18:44  Zergling x4  
Show
View Real Time Build Order
Export as new Build Order

GangusKaun Protoss - Winner!

Build Orders: Oracle Opening 

Get SALT Encoding   

  12  0:00  Probe  
  13  0:13  Probe  
  14  0:21  Pylon  
  14  0:26  Probe  
  15  0:39  Probe  
  16  0:43  Gateway  
  16  0:51  Probe  
  16  0:56  Assimilator  
  17  1:03  Probe  
  18  1:15  Probe  
  19  1:30  Probe  
  20  1:34  Assimilator  
  20  1:39  Pylon  
  20  1:48  Nexus  
  20  2:02  Cybernetics Core  
  20  2:09  Gateway  
  20  2:11  Probe  
  20  2:19  Probe  
  20  2:27  Probe  
  22  2:39  Probe  
  22  2:41  Stargate  
  25  3:01  Probe  
  27  3:13  Shield Battery, Probe  
  28  3:26  Oracle  
  28  3:41  Warp Gate  
  28  3:42  Adept  
  28  3:46  Pylon  
  26  4:01  Adept, Probe x2  
  28  4:04  Shield Battery  
  28  4:13  Probe  
  29  4:22  Probe  
  30  4:25  Probe  
  31  4:34  Probe  
  31  4:37  Probe  
  33  4:43  Gateway  
  33  4:51  Forge  
  33  5:01  Adept  
  33  5:02  Sentry  
  37  5:27  Probe  
  37  5:28  Protoss Ground Weapons Level 1  
  37  5:30  Probe  
  37  5:35  Probe  
  39  5:36  Assimilator  
  41  5:42  Probe  
  41  5:44  Twilight Council  
  41  5:45  Probe  
  41  5:47  Pylon  
  41  5:49  Photon Cannon  
  42  5:55  Probe  
  43  5:57  Probe  
  43  5:58  Sentry  
  46  6:10  Pylon  
  46  6:11  Assimilator  
  46  6:12  Probe x2  
  46  6:14  Pylon  
  48  6:36  Probe x2  
  48  6:38  Stalker  
  52  6:48  Probe  
  52  6:52  Stalker x2  
  57  6:56  Probe  
  57  7:00  Probe  
  59  7:06  Templar Archives, Phoenix  
  59  7:08  Probe  
  62  7:12  Probe  
  63  7:20  Probe  
  64  7:37  Zealot x2  
  68  7:48  Probe x2  
  70  8:02  Nexus  
  70  8:03  Pylon  
  70  8:06  Pylon  
  70  8:09  Psionic Storm  
  70  8:20  Phoenix  
  72  8:28  Pylon  
  72  8:29  Shield Battery  
  72  8:32  Photon Cannon  
  72  8:34  Photon Cannon  
  72  8:45  Phoenix  
  74  8:49  Protoss Ground Weapons Level 2  
  74  8:56  Robotics Facility  
  74  8:59  High Templar x3  
  80  9:08  Gateway  
  80  9:13  Gateway  
  80  9:17  Gateway  
  80  9:19  Archon, Gateway  
  80  9:20  Pylon  
  80  9:24  Phoenix  
  80  9:30  Probe  
  80  9:31  Probe x2  
  85  9:38  Probe  
  85  9:39  High Templar  
  85  9:40  High Templar  
  85  9:45  Archon  
  90  9:49  Phoenix  
  92  9:54  Immortal  
  96  10:07  Shield Battery  
  96  10:08  Gateway  
  96  10:14  Probe  
  96  10:16  Probe  
  96  10:19  Pylon  
  98  10:27  Probe  
  98  10:28  Probe  
  100  10:58  Probe  
  100  10:59  Probe x2  
  103  11:10  Probe  
  103  11:11  Probe x2  
  100  11:33  Phoenix  
  100  11:34  Immortal  
  100  11:39  Stalker x4  
  114  11:40  Stalker  
  116  11:51  Probe x3  
  119  11:54  Assimilator  
  119  11:58  Assimilator, Phoenix  
  121  12:03  Probe x3  
  124  12:13  Gateway  
  124  12:20  Robotics Facility  
  124  12:23  Shield Battery  
  124  12:27  Stargate  
  124  12:29  Photon Cannon  
  124  12:30  Photon Cannon  
  124  12:32  Probe  
  125  12:38  Pylon  
  125  12:56  Immortal, Probe x2  
  131  13:17  Shield Battery  
  131  13:18  Shield Battery  
  131  13:21  Pylon  
  131  13:23  Pylon  
  131  13:24  Nexus  
  131  13:39  Immortal  
  135  13:42  Pylon  
  135  13:46  Pylon  
  135  13:47  Void Ray  
  143  13:49  Pylon, High Templar x3, Void Ray  
  143  13:53  Pylon  
  149  14:01  Probe x3  
  152  14:30  Void Ray  
  149  14:32  Void Ray  
  149  14:33  Archon  
  137  14:43  Immortal x2  
  143  15:13  Void Ray  
  145  15:15  Void Ray  
  145  15:22  Immortal x2  
  145  15:26  High Templar x2  
  145  15:27  High Templar x5  
  167  15:30  Probe x2  
  169  15:40  Assimilator  
  169  15:42  Assimilator  
  169  15:45  Shield Battery  
  169  15:46  Shield Battery  
  169  15:49  Shield Battery  
  169  15:50  Photon Cannon, Phoenix  
  169  15:51  Photon Cannon  
  169  15:52  Phoenix  
  169  15:54  Photon Cannon  
  173  15:57  Fleet Beacon  
  173  16:00  Shield Battery  
  173  16:01  Immortal x2  
  181  16:11  Pylon  
  181  16:15  Phoenix  
  181  16:17  Oracle  
  186  16:32  Pylon  
  186  16:40  Oracle  
  137  17:07  Immortal x2  
  137  17:08  Tempest  
  149  17:17  Tempest  
  147  17:46  Immortal x2  
  147  17:47  Archon  
  161  18:00  Carrier  
  167  18:06  Zealot x2  
  167  18:07  Zealot x5  
  175  18:38  Pylon  
  175  18:39  Pylon  
  173  18:41  Pylon  
  173  19:04  Stargate  
  173  19:06  Stargate  
  173  19:09  Shield Battery  
  185  19:11  Shield Battery  
  185  19:13  Shield Battery  
  185  19:17  Pylon  
  185  19:18  Robotics Bay  
  185  19:19  Pylon, Dark Shrine  
  185  19:23  Pylon  
  185  19:24  Shield Battery  
  184  19:29  Zealot x6  
  184  19:30  Zealot  
Tags
 
Add a new tag
Caveats
  • Supply blocks, unpowered buildings, or Contaminate may cause inaccurate times.
  • Supply counts are checked every 10 seconds.